[Event "Titled Tuesday Blitz June 13 Early 2023"]
[White "Czerw, Dawid"]
[Black "Vyatkin, Dmitry"]
[WhiteFideId "1145746"]
[BlackFideId "4171900"]
[WhiteElo "2144"]
[BlackElo "2279"]
[Result "0-1"]
[Round "8"]
[TimeControl "180+2"]
[Date "2023.06.13"]
[WhiteClock "0:00:13"]
[BlackClock "0:00:29"]
[Board "95"]

1. e4 e6 2. d4 d5 3. Nc3 Nf6 4. Bg5 Be7 5. e5 Nfd7 6. h4 h6 7. Qh5 g6 8. Bxe7 Qxe7 9. Qg4 a6 10. h5 g5 11. f4 c5 12. dxc5 Nc6 13. Nf3 Qxc5 14. fxg5 Qe3+ 15. Be2 Ndxe5 16. Nxe5 Nxe5 17. Qb4 Qxg5 18. Na4 Qg3+ 19. Kd1 Bd7 20. Nb6 Rd8 21. Qd4 Bc6 22. Re1 Rg8 23. Bxa6 Nc4 24. Qc5 Qg4+ 25. Kc1 Qf4+ 26. Kb1 Nd2+ 27. Kc1 Nb3+ 28. Kb1 Qc1+ 29. Rxc1 Nd2# 0-1


[Site "https://www.chess.com"]

[Event "Titled Tuesday Blitz June 13 Early 2023"]
[White "UNSTOPPABLE_LEGEND"]
[Black "Skliarov, Viktor"]
[BlackFideId "14106736"]
[WhiteElo "2461"]
[BlackElo "2317"]
[Result "1-0"]
[Round "8"]
[TimeControl "180+2"]
[Date "2023.06.13"]
[WhiteClock "0:00:51"]
[BlackClock "0:00:02"]
[Board "96"]

1. d4 Nf6 2. c4 e6 3. Nf3 c5 4. d5 exd5 5. cxd5 d6 6. Nc3 g6 7. e4 Bg7 8. Be2 O-O 9. O-O Re8 10. Nd2 a6 11. a4 Nbd7 12. Nc4 Nb6 13. Nxb6 Qxb6 14. a5 Qc7 15. Qc2 b5 16. axb6 Qxb6 17. Bf4 Bd7 18. Ra2 a5 19. b3 Ng4 20. h3 Ne5 21. Na4 Qc7 22. Bd2 f5 23. f4 Nf7 24. exf5 Rxe2 25. fxg6 hxg6 26. Qxg6 Rae8 27. Bc3 Ne5 28. Bxe5 R2xe5 29. fxe5 Rxe5 30. Raf2 Qd8 31. Rf7 Rg5 32. Rxg7+ Kh8 33. Qh7# 1-0


[Site "https://www.chess.com"]

[Event "Titled Tuesday Blitz June 13 Early 2023"]
[White "Rios Escobar, Adan"]
[Black "Girya, Olga"]
[WhiteFideId "3403645"]
[BlackFideId "4195752"]
[WhiteElo "2456"]
[BlackElo "2263"]
[Result "1-0"]
[Round "8"]
[TimeControl "180+2"]
[Date "2023.06.13"]
[WhiteClock "0:00:03"]
[BlackClock "0:00:00"]
[Board "97"]

1. d4 Nf6 2. g3 d5 3. Nf3 Bf5 4. c4 c6 5. Nc3 e6 6. Nh4 Bg4 7. h3 Bh5 8. g4 Ne4 9. Nxe4 dxe4 10. Qb3 b6 11. gxh5 Qxh4 12. Rg1 Qxh5 13. Be3 Nd7 14. O-O-O g6 15. d5 Bh6 16. dxe6 fxe6 17. Kb1 O-O-O 18. Bg2 Bxe3 19. Qxe3 Nf6 20. f3 Qe5 21. fxe4 Rxd1+ 22. Rxd1 Rd8 23. Rxd8+ Kxd8 24. Bf3 Kc7 25. Qa3 a5 26. Qe7+ Nd7 27. Qxh7 Qg3 28. Qh6 a4 29. Bg4 a3 30. bxa3 Nc5 31. Qg7+ Kd6 32. e5+ Qxe5 33. Qxe5+ Kxe5 34. Kc2 Kd4 35. Bf3 Kxc4 36. Bxc6 g5 37. a4 Kd4 38. Kd2 e5 39. a3 e4 40. Bb5 e3+ 41. Ke1 Nb3 42. Bd3 Na5 43. Bb5 Nb7 44. Kf1 Kc3 45. Kg2 Kd2 46. Kf3 Nc5 47. Kg4 Nb3 48. Kxg5 Nd4 49. Bc4 Nxe2 50. h4 Ng3 51. Kg4 Ne4 52. Kf4 Nd6 53. Bf1 e2 54. Bxe2 Kxe2 55. Ke5 Nf7+ 56. Kd5 Kd3 57. Kc6 Kc4 58. Kxb6 Kd5 59. a5 Nd6 60. h5 Nc4+ 61. Kb5 Nxa3+ 62. Kb4 Nc2+ 63. Kc3 Nd4 64. Kb4 Nc6+ 65. Kb5 Nd4+ 66. Kb6 1-0


[Site "https://www.chess.com"]

[Event "Titled Tuesday Blitz June 13 Early 2023"]
[White "The_Sherman_Variation"]
[Black "Arencibia Monduy, Antonio"]
[BlackFideId "3507939"]
[WhiteElo "2450"]
[BlackElo "2563"]
[Result "1-0"]
[Round "8"]
[TimeControl "180+2"]
[Date "2023.06.13"]
[WhiteClock "0:00:28"]
[BlackClock "0:00:00"]
[Board "98"]

1. Nf3 Nf6 2. g3 e6 3. Bg2 d5 4. O-O Be7 5. d4 O-O 6. c4 c6 7. Nc3 b6 8. Ne5 Bb7 9. Bf4 Nbd7 10. Rc1 a6 11. Qd3 Rc8 12. Rfd1 b5 13. c5 Nh5 14. b4 Nxf4 15. gxf4 Nxe5 16. fxe5 f6 17. e3 fxe5 18. dxe5 Bh4 19. Rf1 Rc7 20. Ne2 Rcf7 21. f4 g6 22. Nd4 Re7 23. Qe2 Ree8 24. Qg4 Qe7 25. Bh3 Kh8 26. Kh1 Rf5 27. Nxf5 exf5 28. Qf3 Bc8 29. Rfd1 Be6 30. Rd4 Ra8 31. Qd1 Qd8 32. a4 bxa4 33. Qxa4 Qc7 34. Bf1 Bf2 35. Rc3 Qb7 36. Kg2 Be1 37. Rc1 Bh4 38. Rb1 Bd8 39. Rd2 Bc8 40. Ra2 Qc7 41. Rba1 h5 42. Qb3 Kg7 43. Bxa6 Bxa6 44. Rxa6 Rxa6 45. Rxa6 1-0


[Site "https://www.chess.com"]

[Event "Titled Tuesday Blitz June 13 Early 2023"]
[White "KorolDimitriy75"]
[Black "Malyi, Viacheslav"]
[BlackFideId "14123983"]
[WhiteElo "2434"]
[BlackElo "2291"]
[Result "0-1"]
[Round "8"]
[TimeControl "180+2"]
[Date "2023.06.13"]
[WhiteClock "0:00:00"]
[BlackClock "0:01:12"]
[Board "99"]

1. d4 Nf6 2. c4 g6 3. Nc3 d6 4. e4 Bg7 5. Nf3 O-O 6. Be2 e5 7. dxe5 dxe5 8. Qxd8 Rxd8 9. Bg5 Nbd7 10. O-O-O Rf8 11. Ne1 Nc5 12. f3 c6 13. Nc2 Ne6 14. Be3 Nh5 15. Rd2 Nhf4 16. Bf1 f5 17. Kb1 b6 18. g3 Nh5 19. Be2 f4 20. Bf2 fxg3 21. hxg3 Nd4 22. g4 Nxe2 23. Rxe2 Nf4 24. Re3 Be6 25. b3 Rad8 26. Bh4 Rd2 27. Rd1 Rxd1+ 28. Nxd1 Ng2 29. Be7 Nxe3 30. Ndxe3 Re8 31. Bd6 Rd8 32. c5 b5 0-1


[Site "https://www.chess.com"]

[Event "Titled Tuesday Blitz June 13 Early 2023"]
[White "Petrova, Irina"]
[Black "Sowul, Bartosz"]
[WhiteFideId "14124122"]
[BlackFideId "1137590"]
[WhiteElo "2084"]
[BlackElo "2188"]
[Result "0-1"]
[Round "8"]
[TimeControl "180+2"]
[Date "2023.06.13"]
[WhiteClock "0:01:19"]
[BlackClock "0:01:41"]
[Board "100"]

1. e4 c5 2. Nf3 d6 3. Bb5+ Nd7 4. O-O a6 5. Bxd7+ Bxd7 6. d4 cxd4 7. Qxd4 Nf6 8. c4 g6 9. e5 dxe5 10. Nxe5 Be6 11. Qxd8+ Rxd8 12. Nc3 Bg7 13. Be3 O-O 14. Rad1 Nd7 15. Nxd7 Rxd7 16. Rxd7 Bxd7 17. Rd1 Be6 18. Nd5 Bxd5 19. cxd5 Rc8 20. g3 Bxb2 21. Rb1 Rc2 22. Kg2 b5 23. h4 h5 24. Rd1 Be5 25. a4 bxa4 26. Rb1 a3 27. Rb6 a2 0-1


[Site "https://www.chess.com"]

[Event "Titled Tuesday Blitz June 13 Early 2023"]
[White "Kubicka, Anna"]
[Black "Lopez Idarraga, Daniel Eduardo"]
[WhiteFideId "1152254"]
[BlackFideId "4405501"]
[WhiteElo "2144"]
[BlackElo "1980"]
[Result "1-0"]
[Round "8"]
[TimeControl "180+2"]
[Date "2023.06.13"]
[WhiteClock "0:00:19"]
[BlackClock "0:00:06"]
[Board "101"]

1. e4 c5 2. Ne2 Nc6 3. g3 g6 4. Bg2 Bg7 5. O-O e5 6. Nec3 Nge7 7. Nd5 O-O 8. Nbc3 d6 9. d3 Be6 10. Bg5 f6 11. Be3 Bxd5 12. exd5 Nd4 13. Ne2 Nef5 14. c3 Nxe2+ 15. Qxe2 Nxe3 16. fxe3 f5 17. e4 Qg5 18. exf5 Rxf5 19. Be4 Rxf1+ 20. Rxf1 Rf8 21. Rxf8+ Bxf8 22. Kg2 Bh6 23. h4 Qd2 24. Qxd2 Bxd2 25. Kh3 Bc1 26. b3 Bb2 27. c4 b6 28. h5 gxh5 29. Kh4 Kg7 30. Kxh5 Bc1 31. Kg4 h6 32. Kf5 Kf7 33. Bf3 a5 34. Bh5+ Ke7 35. Kg6 Bd2 36. Bf3 Bc1 37. g4 Bd2 38. Be4 Bc1 39. Bf5 Bd2 40. Be6 Bc1 41. Kf5 Bd2 42. Ke4 Bc1 43. Kf3 Bg5 44. Ke2 Bc1 45. Kd1 Bf4 46. Kc2 Kf6 47. Kb2 Kg5 48. Ka3 h5 49. gxh5 Kxh5 50. Ka4 e4 51. dxe4 Kg5 52. Kb5 Kf6 53. Kxb6 Bd2 54. Kc7 Ke5 55. a3 Bc3 56. Bf5 Bb2 57. b4 cxb4 58. axb4 a4 59. c5 a3 60. cxd6 a2 61. d7 a1=Q 62. d8=Q Qa7+ 63. Kc6 Qa6+ 64. Qb6 Qc4+ 65. Kb7 Bd4 66. Qc7+ Qxc7+ 67. Kxc7 1-0


[Site "https://www.chess.com"]

[Event "Titled Tuesday Blitz June 13 Early 2023"]
[White "kuanysh1981"]
[Black "Xie, Bryan"]
[BlackFideId "30941296"]
[WhiteElo "2504"]
[BlackElo "2033"]
[Result "1-0"]
[Round "8"]
[TimeControl "180+2"]
[Date "2023.06.13"]
[WhiteClock "0:00:55"]
[BlackClock "0:00:35"]
[Board "102"]

1. e4 c5 2. Nf3 e6 3. b3 Nc6 4. Bb2 Qc7 5. Be2 Nf6 6. Nc3 a6 7. O-O b5 8. d3 Bb7 9. a4 b4 10. Nb1 Be7 11. Nbd2 d5 12. Re1 O-O 13. exd5 exd5 14. Bf1 Bd6 15. g3 Rfe8 16. Bxf6 gxf6 17. Bg2 Ne5 18. Nh4 Qd7 19. Qh5 Qg4 20. Qxg4+ Nxg4 21. h3 Ne5 22. Nf5 Bc7 23. f4 Ng6 24. h4 Kf8 25. h5 Ne7 26. Nxe7 Rxe7 27. Rxe7 Kxe7 28. Re1+ Kd7 29. Bh3+ Kd6 30. Nf3 Bc6 31. Nh4 Re8 32. Nf5+ Kd7 33. Ng7+ Kd8 34. Nxe8 Bxe8 35. h6 Bd7 36. Bxd7 Kxd7 37. Kf2 a5 38. Kf3 f5 39. g4 fxg4+ 40. Kxg4 Bd6 41. Kf5 Bf8 42. Rh1 Ke7 43. Ke5 d4 44. f5 f6+ 45. Kd5 Kd7 46. Rg1 Bxh6 47. Rh1 Bf8 48. Rxh7+ Be7 49. Rf7 Ke8 50. Ke6 Bd8 51. Rxf6 Bxf6 52. Kxf6 Kf8 53. Ke6 c4 54. bxc4 b3 55. cxb3 Ke8 56. f6 Kf8 57. c5 1-0


[Site "https://www.chess.com"]

[Event "Titled Tuesday Blitz June 13 Early 2023"]
[White "whiteglovethief"]
[Black "Melikhov, Evgeny V."]
[BlackFideId "4122046"]
[WhiteElo "2504"]
[BlackElo "2158"]
[Result "1-0"]
[Round "8"]
[TimeControl "180+2"]
[Date "2023.06.13"]
[WhiteClock "0:00:21"]
[BlackClock "0:00:42"]
[Board "103"]

1. d4 Nf6 2. c4 e6 3. Nf3 d5 4. g3 dxc4 5. Bg2 Nc6 6. O-O Rb8 7. a4 a6 8. Nc3 b5 9. axb5 axb5 10. Ne5 Nb4 11. Nc6 Nxc6 12. Bxc6+ Bd7 13. Bf3 c5 14. Bf4 Rc8 15. d5 b4 16. dxe6 fxe6 17. Ne4 Nxe4 18. Bxe4 Be7 19. Qc2 O-O 20. Bxh7+ Kh8 21. Rfd1 Bf6 22. Ra7 Bd4 23. Qg6 Qe8 24. Rxd7 Qxg6 25. Bxg6 Bxb2 26. Bd6 Rfd8 27. Bxc5 Rxd7 28. Rxd7 b3 29. Rb7 Bf6 30. Ba3 c3 31. Rxb3 c2 32. Bc1 Ra8 33. Bxc2 g5 34. Bb2 Kg7 35. Rb7+ 1-0


[Site "https://www.chess.com"]

[Event "Titled Tuesday Blitz June 13 Early 2023"]
[White "gueraumasague"]
[Black "Zhukov, Maksim"]
[BlackFideId "34181790"]
[WhiteElo "2499"]
[BlackElo "1925"]
[Result "1-0"]
[Round "8"]
[TimeControl "180+2"]
[Date "2023.06.13"]
[WhiteClock "0:00:13"]
[BlackClock "0:00:21"]
[Board "104"]

1. e4 e6 2. d4 d5 3. Bd3 Nf6 4. e5 Nfd7 5. f4 c5 6. c3 Nc6 7. Nf3 Qb6 8. Bc2 cxd4 9. cxd4 Nb4 10. O-O Nxc2 11. Qxc2 Be7 12. Nc3 Nb8 13. f5 Nc6 14. Qf2 Bd7 15. Be3 O-O-O 16. Rac1 Kb8 17. f6 gxf6 18. exf6 Bd6 19. Ng5 Rdf8 20. Na4 Qc7 21. Bf4 Bxf4 22. Qxf4 Qxf4 23. Rxf4 Nb4 24. Nc5 Bc8 25. a3 Nc6 26. Nf3 b6 27. Nxe6 Bxe6 28. Rxc6 Rc8 29. Ne5 Rxc6 30. Nxc6+ Kb7 31. Ne7 Rd8 32. Kf2 Rd7 33. Ke3 Rc7 34. Kd2 a5 35. Rh4 b5 36. Rxh7 b4 37. axb4 axb4 38. g4 b3 39. g5 Rc2+ 40. Kd1 Rxb2 41. g6 fxg6 42. Nxd5+ Kc6 43. Nf4 Bg4+ 44. Kc1 Rf2 45. Nd3 Rxf6 46. Ne5+ Kd5 47. Nxg4 Kxd4 48. Kb2 Rf4 49. h3 Rf3 50. Rd7+ Ke4 51. h4 Rg3 52. Nf6+ Kf5 53. Nh7 Kg4 54. Rd4+ Kh5 55. Nf6+ Kh6 56. Rb4 g5 57. hxg5+ Kxg5 58. Ne4+ Kg4 59. Nxg3+ Kxg3 60. Rxb3+ Kf2 61. Rc3 Ke1 62. Kc2 Kf1 63. Rd3 Kg1 64. Kd2 Kh1 65. Re3 Kg1 66. Ke2 Kh1 67. Rf3 Kg1 68. Rf4 Kh1 69. Rg4 Kh2 70. Kf3 Kh1 71. Kf2 Kh2 72. Rh4# 1-0


[Site "https://www.chess.com"]

[Event "Titled Tuesday Blitz June 13 Early 2023"]
[White "Haukenfrers, Dale"]
[Black "Petukhov, Dmitry"]
[WhiteFideId "2603780"]
[BlackFideId "4142748"]
[WhiteElo "2059"]
[BlackElo "2311"]
[Result "0-1"]
[Round "8"]
[TimeControl "180+2"]
[Date "2023.06.13"]
[WhiteClock "0:01:19"]
[BlackClock "0:00:26"]
[Board "105"]

1. c3 e5 2. d3 d5 3. Nf3 Nc6 4. b4 a6 5. a3 Nf6 6. Qc2 Bd6 7. e4 O-O 8. Be2 Be6 9. Ng5 Bd7 10. Nd2 h6 11. Ngf3 Ne7 12. Bb2 Ng6 13. g3 c5 14. h4 Rc8 15. bxc5 Rxc5 16. h5 Ne7 17. exd5 Nexd5 18. c4 Re8 19. Nb3 Rc8 20. Qd2 Qb6 21. Nc1 e4 22. dxe4 Nxe4 23. Qxd5 Qxf2+ 24. Kd1 Ba4+ 25. Nb3 Bxb3+ 26. Kc1 Qxe2 27. Nd4 Rxc4+ 28. Kb1 Qd3+ 29. Nc2 Qxc2# 0-1


[Site "https://www.chess.com"]

[Event "Titled Tuesday Blitz June 13 Early 2023"]
[White "Baches Garcia, Guillermo"]
[Black "Howell, David W L"]
[WhiteFideId "2209764"]
[BlackFideId "410608"]
[WhiteElo "2465"]
[BlackElo "2567"]
[Result "1/2-1/2"]
[Round "8"]
[TimeControl "180+2"]
[Date "2023.06.13"]
[WhiteClock "0:00:04"]
[BlackClock "0:00:02"]
[Board "106"]

1. e4 e6 2. d4 d5 3. exd5 exd5 4. Nf3 Bd6 5. c4 c6 6. Nc3 Nf6 7. Bd3 dxc4 8. Bxc4 O-O 9. O-O Nbd7 10. Bg5 Nb6 11. Bb3 Re8 12. Ne5 Be6 13. Bc2 Be7 14. Qd3 g6 15. Qf3 Nfd5 16. Bxe7 Qxe7 17. Ne4 f6 18. Nd3 Bf5 19. Nec5 Qf7 20. Bb3 Rad8 21. h3 Kg7 22. Rad1 Qc7 23. Rfe1 Bc8 24. a3 Qf7 25. h4 Rxe1+ 26. Rxe1 Re8 27. Rd1 h5 28. Qg3 Qc7 29. Qxc7+ Nxc7 30. Nf4 Nbd5 31. Nxd5 Nxd5 32. Bxd5 cxd5 33. Rc1 Re7 34. Nd3 Be6 35. Nf4 Bf7 36. Rc5 g5 37. hxg5 fxg5 38. Nxd5 Re1+ 39. Kh2 b6 40. Rc7 Re2 41. Rxa7 Rxf2 42. Nxb6 Rxb2 43. Nc4 Rc2 44. Ne5 Kf6 45. Rxf7+ Ke6 46. Rf3 Ra2 47. Nc4 g4 48. Re3+ Kd5 49. Ne5 Kxd4 50. Re1 Rxa3 51. Ng6 Ra6 52. Nh4 Rf6 53. Re2 Kd3 54. Ra2 Ke4 55. g3 Rh6 56. Kg2 Rh8 57. Re2+ Kd4 58. Re1 Kd5 59. Re2 Rh6 60. Kh2 Rh7 61. Ng2 Rh8 62. Rf2 Kd4 63. Rf5 Ke4 64. Rf4+ Ke5 65. Rf2 Rd8 66. Nh4 Rg8 67. Kg1 Ke4 68. Kg2 Ke3 69. Ra2 Rd8 70. Ra3+ Ke4 71. Ra2 Ke3 72. Kh2 Rc8 73. Ng2+ Ke4 74. Ra4+ Kf3 75. Ra3+ Kf2 76. Ra2+ Kf3 77. Rb2 Rd8 78. Nh4+ Ke4 79. Re2+ Kd3 80. Re1 Rh8 81. Kg1 Rf8 82. Ng2 Kd4 83. Rf1 Re8 84. Rf5 Rh8 85. Kh2 Ke4 86. Rg5 Kd4 87. Rf5 1/2-1/2


[Site "https://www.chess.com"]

[Event "Titled Tuesday Blitz June 13 Early 2023"]
[White "Papayan, Oleg"]
[Black "Hayrapetyan, Hovik"]
[WhiteFideId "4193911"]
[BlackFideId "13302639"]
[WhiteElo "2167"]
[BlackElo "2348"]
[Result "1/2-1/2"]
[Round "8"]
[TimeControl "180+2"]
[Date "2023.06.13"]
[WhiteClock "0:00:05"]
[BlackClock "0:00:04"]
[Board "107"]

1. e4 c5 2. d4 cxd4 3. Qxd4 Nc6 4. Qd3 Nf6 5. Nc3 a6 6. Nf3 d6 7. Be2 b5 8. O-O Bb7 9. a4 b4 10. Nd5 e6 11. Nxf6+ Qxf6 12. Bg5 Qxb2 13. Rfb1 Ne5 14. Rxb2 Nxd3 15. Bxd3 d5 16. Re1 f6 17. Bd2 a5 18. c3 Kf7 19. exd5 Bxd5 20. Be4 Bxe4 21. Rxe4 Be7 22. Kf1 Rhc8 23. Rb3 Ra6 24. Nd4 Rc4 25. f3 Rd6 26. Ke2 bxc3 27. Bxc3 Rxa4 28. Nb5 Rxe4+ 29. fxe4 Ra6 30. Rb2 a4 31. Ra2 a3 32. Kd3 Ra4 33. Nd4 g5 34. Nc2 f5 35. exf5 exf5 36. Bd2 Kg6 37. Bc1 Bd6 38. h3 h5 39. Bxa3 g4 40. hxg4 hxg4 41. Kc3 Kg5 42. Kb3 Ra6 43. Bxd6 Rxd6 44. Kc3 Kf4 45. Nd4 Rd8 46. Rf2+ Kg3 47. Rxf5 Kxg2 48. Rg5 g3 49. Nf5 Rc8+ 50. Kd4 Kf3 51. Nxg3 Kf4 52. Rg7 Rd8+ 53. Kc5 Rc8+ 54. Kd6 Rd8+ 55. Ke7 Rd3 56. Nh5+ Ke4 57. Nf6+ Kf4 58. Ne8 Re3+ 59. Kf8 Rg3 60. Rf7+ Ke3 61. Ke7 Rf3 62. Rg7 Kf2 63. Nf6 Re3+ 64. Kd6 Rd3+ 65. Ke5 Ra3 66. Ne4+ Kf1 67. Kf4 Ke1 68. Rg1+ Ke2 69. Rg2+ Kf1 70. Rf2+ Ke1 71. Rb2 Kd1 72. Rh2 Kc1 73. Ke5 Kd1 74. Kd4 Ke1 75. Nc3 Kf1 76. Kd3 Kg1 77. Re2 Ra8 78. Ke3 Re8+ 79. Ne4 Re7 80. Re1+ Kg2 81. Rb1 Kh3 82. Rg1 Kh4 83. Kf4 Rf7+ 84. Ke5 Kh3 85. Ng5+ Kh2 86. Rg4 Rf2 87. Ke4 Ra2 88. Nf3+ Kh3 89. Rg8 Ra4+ 90. Ke3 Ra3+ 91. Ke2 Ra2+ 92. Nd2 Kh4 93. Ke3 Kh5 94. Ne4 Kh6 95. Kf4 Ra4 96. Kf5 Ra5+ 97. Kf4 Ra4 98. Rg1 Kh7 99. Kf5 Ra5+ 100. Ke6 Ra6+ 101. Nd6 1/2-1/2


[Site "https://www.chess.com"]

[Event "Titled Tuesday Blitz June 13 Early 2023"]
[White "Kozak, Antoni"]
[Black "Bueno, Alfeu Junior Varela"]
[WhiteFideId "21832030"]
[BlackFideId "2108879"]
[WhiteElo "2470"]
[BlackElo "2175"]
[Result "0-1"]
[Round "8"]
[TimeControl "180+2"]
[Date "2023.06.13"]
[WhiteClock "0:00:15"]
[BlackClock "0:00:15"]
[Board "108"]

1. c4 e5 2. e3 Nc6 3. Nc3 f5 4. g4 fxg4 5. Qxg4 Nf6 6. Qg2 Nb4 7. Rb1 Nc2+ 8. Kd1 Nb4 9. a3 Nc6 10. Nf3 d6 11. Be2 Bf5 12. d3 e4 13. Nh4 exd3 14. Nxf5 dxe2+ 15. Kxe2 Qd7 16. Qf3 O-O-O 17. Ng3 Re8 18. Qf5 Nd4+ 19. Kf1 Nxf5 20. Bd2 Nxg3+ 21. hxg3 Qf5 22. Kg2 Ne4 23. Be1 Nxc3 24. Bxc3 Qe4+ 25. Kh2 Qxc4 26. Rbd1 h5 27. Rd4 Qe2 28. Kg2 Be7 29. Rf4 Bf6 30. Ba5 b6 31. Bb4 a5 32. Be1 Be5 33. Rf5 g6 34. Rf7 Rhf8 35. Rh7 Qf3+ 36. Kg1 Rf7 37. Rh6 Qf5 38. Rh4 Bxg3 39. e4 Bxf2+ 40. Kh2 Qe5+ 41. Kh1 Bxh4 42. Bxh4 Qxe4+ 43. Kg1 Qxh4 44. Rxg6 Qg4+ 45. Rxg4 hxg4 46. b3 Re2 47. b4 a4 48. b5 d5 49. Kh1 Rf1# 0-1


[Site "https://www.chess.com"]

[Event "Titled Tuesday Blitz June 13 Early 2023"]
[White "Lopez, Nelson M, Ii"]
[Black "benny_aizenberg"]
[WhiteFideId "2027895"]
[WhiteElo "2451"]
[BlackElo "2683"]
[Result "0-1"]
[Round "8"]
[TimeControl "180+2"]
[Date "2023.06.13"]
[WhiteClock "0:00:33"]
[BlackClock "0:00:38"]
[Board "109"]

1. e4 g5 2. Bc4 g4 3. d4 h5 4. Nc3 Bg7 5. Be3 d6 6. Nge2 Nd7 7. Qd2 e5 8. O-O-O Ne7 9. h3 exd4 10. Nxd4 Ne5 11. Be2 Be6 12. Nxe6 fxe6 13. hxg4 hxg4 14. Rxh8+ Bxh8 15. Bd4 N7g6 16. Qh6 Qf6 17. Bxe5 Nxe5 18. Qh5+ Ke7 19. Bxg4 Qf4+ 20. Kb1 Qxg4 21. Qxg4 Nxg4 22. f3 Ne3 23. Rg1 Bxc3 24. bxc3 Rg8 25. g4 Rf8 26. Rg3 Nf1 27. Rh3 Rxf3 28. Rh7+ Rf7 29. Rh5 Nd2+ 30. Kb2 Nxe4 31. Ra5 a6 32. Rh5 Nf6 33. Rh4 Rg7 34. g5 Rxg5 35. Rb4 Rb5 36. a4 Rxb4+ 37. cxb4 b5 38. Kb3 bxa4+ 39. Kxa4 e5 40. Ka5 e4 41. Kxa6 e3 42. b5 e2 43. b6 e1=Q 44. b7 Nd5 45. Ka7 Ne3 46. Kb8 Nxc2 47. Kc8 Qb1 48. b8=Q Qxb8+ 49. Kxb8 Kd7 50. Kb7 d5 51. Ka6 Kc6 52. Ka5 Kc5 53. Ka4 Kc4 54. Ka5 c5 55. Ka4 d4 56. Ka5 d3 57. Ka4 d2 58. Ka5 d1=Q 59. Ka4 Qb1 60. Ka5 Kb3 61. Ka6 c4 62. Kb6 c3 63. Ka5 Na1 64. Kb6 c2 65. Kb5 c1=Q 66. Ka5 Qc5+ 67. Ka6 Qa2+ 68. Kb7 Qaa7# 0-1


[Site "https://www.chess.com"]

[Event "Titled Tuesday Blitz June 13 Early 2023"]
[White "Vega Gutierrez, Sabrina"]
[Black "Asavasaetakul, Chawit"]
[WhiteFideId "2219026"]
[BlackFideId "6204856"]
[WhiteElo "2209"]
[BlackElo "1919"]
[Result "0-1"]
[Round "8"]
[TimeControl "180+2"]
[Date "2023.06.13"]
[WhiteClock "0:00:00"]
[BlackClock "0:01:03"]
[Board "110"]

1. e4 d5 2. exd5 Nf6 3. Nf3 Nxd5 4. d4 Bf5 5. Be2 e6 6. O-O Be7 7. c4 Nb4 8. Nc3 Nc2 9. Rb1 Nb4 10. Ra1 Nc2 11. Rb1 Nc6 12. d5 N6b4 13. a3 Nxa3 14. bxa3 Bxb1 15. Nxb1 Na6 16. dxe6 fxe6 17. Qc2 O-O 18. Bd3 h6 19. Ne5 Bd6 20. Bh7+ Kh8 21. Ng6+ Kxh7 22. Nxf8+ Kg8 23. Nxe6 Qf6 24. c5 Be5 25. Qb3 Kh8 26. Qxb7 Re8 27. Qxa6 Rxe6 28. Qc4 Qg6 29. Nd2 Rf6 30. Qe4 Qh5 31. g3 Bc3 32. Nc4 Qxc5 33. Be3 Qb5 34. Rd1 Rf8 35. Qe7 Qf5 36. Rd8 Rxd8 37. Qxd8+ Kh7 38. Qd1 a5 39. a4 c6 40. h4 Qe4 41. Nd6 Qb4 42. Qd3+ Kg8 43. Qg6 Bf6 44. Nf5 Qb1+ 45. Kh2 Kh8 46. Bf4 c5 47. Be3 c4 48. Bxh6 Qb2 49. Bg5 Bxg5 50. Qh5+ Bh6 51. Nxh6 Qxf2+ 52. Kh3 Qf1+ 53. Kh2 gxh6 54. Qxh6+ Kg8 55. Qe6+ Kf8 56. Qd6+ Kf7 57. Qd5+ Ke7 58. Qxa5 Qe2+ 59. Kh3 Qe6+ 60. Kh2 Qe2+ 61. Kh3 Qe6+ 62. Kh2 Qc6 63. Qe5+ Kd7 64. Qd4+ Kc7 65. Qe5+ Kb6 66. Qc3 Qxa4 67. h5 Qb3 68. Qd4+ Kb5 69. h6 c3 70. h7 Qa2+ 71. Kg1 Qb1+ 72. Kh2 Qxh7+ 73. Kg2 Qc2+ 74. Kh3 Qd2 75. Qe5+ Kc4 76. Qe6+ Qd5 77. Qe2+ Qd3 78. Qe6+ Kb4 79. Qb6+ Ka3 80. Qa5+ Kb2 81. Qb4+ Kc1 82. Qa3+ Kd2 83. Qb4 Ke2 0-1


[Site "https://www.chess.com"]

[Event "Titled Tuesday Blitz June 13 Early 2023"]
[White "MaryanKyrychenko"]
[Black "Mogirzan, Matei-Valeriu"]
[BlackFideId "1257455"]
[WhiteElo "2610"]
[BlackElo "1733"]
[Result "0-1"]
[Round "8"]
[TimeControl "180+2"]
[Date "2023.06.13"]
[WhiteClock "0:00:00"]
[BlackClock "0:00:25"]
[Board "111"]

1. e4 e5 2. Nf3 Nf6 3. Nxe5 Nc6 4. Nxc6 dxc6 5. Nc3 Bc5 6. d3 Ng4 7. Be3 Nxe3 8. fxe3 Bxe3 9. Qe2 Qg5 10. Nd1 Bc1 11. h4 Qh6 12. Kf2 Qf6+ 13. Qf3 Bxb2 14. Qxf6 Bxf6 15. Rb1 b6 16. c3 Be6 17. d4 Bxa2 18. Ra1 Be6 19. e5 Be7 20. Ne3 O-O 21. Bd3 f6 22. exf6 Bxf6 23. Ke2 a5 24. g4 Rae8 25. g5 Bxd4 26. cxd4 Bg4+ 27. Kd2 Rf2+ 28. Kc3 Rxe3 29. Rhe1 Rff3 30. Rxe3 Rxe3 31. Kd2 Re7 32. Rc1 Bd7 33. Rf1 g6 34. Bc4+ Kg7 35. Rf6 b5 36. Bd3 Be8 37. Kc3 b4+ 38. Kc4 Rd7 39. Kc5 Rd5+ 40. Kc4 Bf7 41. Be4 Rf5+ 0-1


[Site "https://www.chess.com"]

[Event "Titled Tuesday Blitz June 13 Early 2023"]
[White "Goncalves, Davi Sulzbacher"]
[Black "Iskusnyh, Sergei"]
[WhiteFideId "2154510"]
[BlackFideId "4120027"]
[WhiteElo "2182"]
[BlackElo "2492"]
[Result "0-1"]
[Round "8"]
[TimeControl "180+2"]
[Date "2023.06.13"]
[WhiteClock "0:00:19"]
[BlackClock "0:00:29"]
[Board "112"]

1. e4 e6 2. d3 c5 3. g3 Nc6 4. Bg2 g6 5. f4 Bg7 6. Nf3 d6 7. c3 Nge7 8. O-O O-O 9. Be3 b6 10. d4 d5 11. e5 Qc7 12. Na3 Ba6 13. Re1 Rfc8 14. dxc5 bxc5 15. Bxc5 Nxe5 16. Bd4 Nxf3+ 17. Bxf3 Bxd4+ 18. Qxd4 Rab8 19. Rab1 Qb6 20. Qxb6 Rxb6 21. Be2 Bxe2 22. Rxe2 Nf5 23. Nc2 Rxc3 24. bxc3 Rxb1+ 25. Kf2 Nd6 26. Ke3 Rd1 27. Nd4 Kg7 28. Nc6 a6 29. a4 Nc4+ 30. Kf2 a5 31. Ne5 Nxe5 32. fxe5 Ra1 33. Ke3 Rxa4 34. Kd3 h5 35. Re1 h4 36. Re2 hxg3 37. hxg3 Rg4 0-1


[Site "https://www.chess.com"]

[Event "Titled Tuesday Blitz June 13 Early 2023"]
[White "Palczert, Matyas"]
[Black "Schnaider, Ilan"]
[WhiteFideId "784958"]
[BlackFideId "169013"]
[WhiteElo "2224"]
[BlackElo "2224"]
[Result "1-0"]
[Round "8"]
[TimeControl "180+2"]
[Date "2023.06.13"]
[WhiteClock "0:02:08"]
[BlackClock "0:01:02"]
[Board "113"]

1. e4 c6 2. d4 d5 3. Nc3 dxe4 4. Nxe4 Bf5 5. Ng3 Bg6 6. h4 h6 7. Nf3 Nf6 8. h5 Bh7 9. Bd3 Bxd3 10. Qxd3 Nbd7 11. Bd2 e6 12. O-O-O Bd6 13. Kb1 Bxg3 14. fxg3 Qb6 15. Ne5 O-O 16. Nxd7 Nxd7 17. g4 c5 18. g5 hxg5 19. h6 g6 20. h7+ Kg7 21. Bxg5 Rh8 22. dxc5 Qxc5 23. Bh6+ Kf6 24. Rhf1+ 1-0


[Site "https://www.chess.com"]

[Event "Titled Tuesday Blitz June 13 Early 2023"]
[White "Spata, German"]
[Black "Matyukov, Petr"]
[WhiteFideId "113026"]
[BlackFideId "4103688"]
[WhiteElo "2260"]
[BlackElo "2278"]
[Result "1-0"]
[Round "8"]
[TimeControl "180+2"]
[Date "2023.06.13"]
[WhiteClock "0:00:05"]
[BlackClock "0:00:00"]
[Board "114"]

1. Nf3 c5 2. e3 g6 3. d4 Bg7 4. Be2 Nf6 5. O-O O-O 6. b3 b6 7. Bb2 Bb7 8. c4 d6 9. Nc3 Nbd7 10. h3 e5 11. dxe5 dxe5 12. Qc2 Re8 13. Rad1 Qc7 14. Nb5 Qb8 15. Nd6 Re6 16. Nxb7 Qxb7 17. Ng5 Ree8 18. Rd2 h6 19. Nf3 e4 20. Nh2 Ne5 21. Rfd1 Nfd7 22. Ng4 f5 23. Nxe5 Nxe5 24. Rd6 Kh7 25. Bxe5 Rxe5 26. Rd7 Qc8 27. Qc3 Qe8 28. R1d5 Re7 29. Qd2 Rxd7 30. Rxd7 Qe5 31. g3 Kh8 32. h4 Qa1+ 33. Kg2 Qe5 34. Rd6 Re8 35. Rxg6 Kh7 36. Rd6 Qa1 37. Bh5 Rf8 38. Rd7 Qe5 39. Rxa7 f4 40. exf4 Qxh5 41. Qe3 Re8 42. Qc3 Qf3+ 43. Qxf3 exf3+ 44. Kxf3 Kg8 45. Rb7 Re6 46. f5 Rd6 47. g4 Rd3+ 48. Kf4 Rd4+ 49. Kf3 Rd3+ 50. Kg2 Rd6 51. f3 Rd2+ 52. Kf1 Rxa2 53. Rxb6 Ra1+ 54. Ke2 Ra2+ 55. Kd3 Rf2 56. Ke4 Re2+ 57. Kd5 1-0


[Site "https://www.chess.com"]